 Dungeon Crawl Stone Soup version 0.21.1-1-g345015f (webtiles) character file.

681 empire the Slasher (level 7, -9/59 HPs)
             Began as a Minotaur Fighter on June 1, 2018.
             Killed by nerve-wracking pain
             ... invoked by an orc priest
              (10 damage)
             ... on level 4 of the Dungeon.
             The game lasted 00:08:56 (3654 turns).

empire the Slasher (Minotaur Fighter)               Turns: 3654, Time: 00:08:57

Health: -9/59      AC: 10    Str: 27    XL:     7   Next: 34%
Magic:  0/9        EV:  9    Int:  5    God:
Gold:   300        SH: 10    Dex: 10    Spells: 6/6 levels left

rFire    . . .     SeeInvis .   a - +0 long sword
rCold    . . .     Gourm    .   c - +0 shield
rNeg     . . .     Faith    .   b - +0 scale mail
rPois    .         Spirit   +   (helmet restricted)
rElec    .         Reflect  .   t - +0 cloak
rCorr    +         Harm     .   g - +0 pair of gloves
MR       .....                  y - +0 pair of boots
Stlth    ..........             k - amulet of guardian spirit
HPRegen  0.19/turn              n - ring of resist corrosion
MPRegen  0.11/turn              (no ring)

@: mighty, drained
A: retaliatory headbutt, horns 2
a: no special abilities


You were on level 4 of the Dungeon.
You were hungry.

You visited 1 branch of the dungeon, and saw 4 of its levels.
You also visited: Sewer.

You collected 300 gold pieces.

Inventory:

Hand Weapons
 a - a +0 long sword (weapon)
 s - a cursed -1 flail
 w - a +1 flail of venom
Armour
 b - a +0 scale mail (worn)
 c - a +0 shield (worn)
 g - a +0 pair of gloves (worn)
 j - a +0 chain mail
 o - a cursed +0 leather armour
 r - a +0 robe of resistance
 t - a +0 cloak (worn)
 y - a +0 pair of boots (worn)
Jewellery
 k - an amulet of guardian spirit (around neck)
 n - a ring of resist corrosion (left hand)
 p - an uncursed amulet of faith
 u - an uncursed ring of ice
Wands
 q - a wand of random effects (38)
Scrolls
 e - 4 scrolls of teleportation
 h - 4 scrolls of remove curse
Potions
 d - a potion of might
 l - a potion of degeneration
 m - a potion of flight
 x - a potion of agility
 z - a potion of invisibility
Comestibles
 f - 7 rations


   Skills:
 - Level 4.0(3.6) Fighting
 + Level 6.1(5.8) Long Blades
 - Level 4.0(3.6) Armour
 - Level 4.0(3.6) Dodging
 - Level 4.0(3.6) Shields
 - Level 4.0(3.7) Evocations


You had 6 spell levels left.
You didn't know any spells.

Dungeon Overview and Level Annotations

Branches:
Dungeon (4/15)
 Temple: D:4-7

Altars:
Ashenzari
Fedhas
Hepliaklqana
Makhleb
Qazlal

Shops:
D:4 [


Innate Abilities, Weirdness & Mutations

You reflexively headbutt those who attack you in melee.
You have a pair of horns on your head.


Message History

The orc priest calls down the wrath of Beogh upon you.
Beogh smites you!
* * * LOW HITPOINT WARNING * * *
Unknown command.
Your shield prevents you from hitting the orc priest.
The orc priest mumbles some strange prayers to Beogh against you.
Beogh smites you!
* * * LOW HITPOINT WARNING * * *
Unknown command.
You feel better. You block the orc priest's attack.
You hit the orc priest.
The orc priest is moderately wounded.
You block the orc priest's attack.
The orc priest mumbles some strange prayers to Beogh against you.
Pain shoots through your body!
* * * LOW HITPOINT WARNING * * *
You feel very mighty all of a sudden.
The orc priest calls down the wrath of Beogh upon you.
Pain shoots through your body!
You die...

*,≈,,,≈≈,,**#.....ooo.....,,,,***
≈,*≈,,,,*..*#.o####o######*,,,,,,
≈*,,≈,.###.##..###*.##_## *,*,***
,*≈,≈,≈≈..≈......#*##...##*,*,*
≈.≈....≈.≈≈....#.# #8.#.8#*,*,***
..(.(_...(..#.##.####...##*,*,,,,
,...≈.≈≈.≈.........###.##*,,,,,,,
,*≈....#.≈.##...o..#♣#.# *,,*****
,*##...≈.§§#####@#.....♣ *,,*
.##.§..#≈≈...###.###♣#.# *,,*
#.≈^§§........##.# ##.##*,,*
****#§...........# ##...##,,#####
#####.###.#...<### #8.#.8#,,.....
......# #.##.#.# ##...##,*#####
#.##### #.##.#.# ##_##*,* #.#
#.##.#.#*****###**,* #.#
#.......,,,,,,,,,,,*


You could see an orc priest.

Vanquished Creatures
  The ghost of Jaiteiro the Slinger, an amateur HaHu (D:4)
  The ghost of Blackrapter the Skirmisher, an amateur KoAK of Lugonu (D:3)
  An orc priest (D:4)
  2 orc wizards (D:4)
  2 iguanas (D:4)
  Jessica (D:3)
  Terence (D:3)
  4 gnolls (D:2)
  7 adders
  4 oozes
  7 worms
  2 leopard geckos (Sewer)
  8 orcs
  3 ball pythons
  9 giant cockroaches
  3 goblins
  5 hobgoblins
  9 jackals
  12 kobolds
  A quokka (D:2)
  14 bats
  7 frilled lizards
  5 rats
109 creatures vanquished.

Notes
Turn   | Place    | Note
-------+----------+-------------------------------------------
     0 | D:1      | empire the Minotaur Fighter began the quest for the Orb.
     0 | D:1      | Reached XP level 1. HP: 19/19 MP: 0/0
    22 | D:1      | Reached skill level 3 in Long Blades
   116 | D:1      | Reached XP level 2. HP: 24/26 MP: 1/1
   524 | D:1      | Reached skill level 4 in Long Blades
   712 | D:2      | Found a faded altar of an unknown god.
   736 | D:2      | Found a burning altar of Makhleb.
   738 | D:2      | Reached XP level 3. HP: 33/33 MP: 2/2
  1195 | D:2      | Reached skill level 1 in Dodging
  1197 | D:2      | Reached XP level 4. HP: 24/40 MP: 3/3
  1491 | D:3      | Noticed Blackrapter's ghost (amateur KoAK)
  1508 | D:3      | Killed Blackrapter's ghost
  1508 | D:3      | Reached XP level 5. HP: 30/46 MP: 4/4
  1589 | D:3      | Noticed Jessica
  1594 | D:3      | Killed Jessica
  1728 | D:3      | Reached skill level 1 in Evocations
  1946 | D:3      | Found a blossoming altar of Fedhas.
  1991 | D:3      | Noticed Terence
  2002 | D:3      | Killed Terence
  2588 | D:4      | Reached XP level 6. HP: 52/52 MP: 6/6
  2662 | D:4      | Found a glowing drain.
  2696 | Sewer    | Entered a sewer
  3511 | D:4      | Found Ysholays's Antique Armour Shoppe.
  3538 | D:4      | Found a stormy altar of Qazlal.
  3560 | D:4      | Found a shattered altar of Ashenzari.
  3570 | D:4      | Found a hazy altar of Hepliaklqana.
  3584 | D:4      | Noticed Jaiteiro's ghost (amateur HaHu)
  3613 | D:4      | Killed Jaiteiro's ghost
  3613 | D:4      | Reached skill level 5 in Long Blades
  3613 | D:4      | Reached XP level 7. HP: 39/59 MP: 6/9
  3641 | D:4      | Reached skill level 6 in Long Blades
  3653 | D:4      | HP: 1/59 [orc priest/nerve-wracking pain (12)]
  3654 | D:4      | Killed from afar by an orc priest

Skill      XL: |  1  2  3  4  5  6  7 |
---------------+----------------------+-----
Long Blades    | 3 4 5 6 |  6.1
Armour         | 4 |  4.0
Fighting       | 4 |  4.0
Dodging        | 1 3 4 |  4.0
Shields        | 4 |  4.0
Evocations     | 2 4 |  4.0

Action                   |  1- 3 |  4- 6 |  7- 9 || total
-------------------------+-------+-------+-------++-------
Melee: Long sword        |    80 |   199 |    16 ||   295
       Headbutt          |    14 |    25 |       ||    39
  Use: Scroll            |       |    11 |       ||    11
       Potion            |       |     3 |     2 ||     5
  Eat: Chunk             |     1 |     8 |       ||     9
Armor: Scale mail        |    52 |   100 |     7 ||   159
Dodge: Dodged            |    26 |    89 |     6 ||   121
Block: Shield            |    57 |   131 |     8 ||   196
       Rpst.: Long sword |     7 |    25 |     2 ||    34
